 Dungeon Crawl Stone Soup version 0.25-a0-566-g062765be81 (console) character file.

Game seed: 11310235676332566592, levelgen mode: classic

9583 Duffy the Thaumaturge (level 11, -3/63 HPs)
             Began as a Deep Elf Earth Elementalist on Feb 26, 2020.
             Was a Priest of Sif Muna.
             Slain by an unseen horror (8 damage)
             ... on level 10 of the Dungeon on Feb 27, 2020.
             The game lasted 00:16:17 (12051 turns).

Duffy the Thaumaturge (DEEE)                       Turns: 12051, Time: 00:16:17

Health: -3/63      AC:  7    Str:  9    XL:     11   Next: 25%
Magic:  17/31      EV: 16    Int: 21    God:    Sif Muna [***...]
Gold:   185        SH:  0    Dex: 17    Spells: 26/38 levels left

rFire    + . .     SeeInvis .   y - staff of summoning {!a}
rCold    . . .     Gourm    .   (no shield)
rNeg     . . .     Faith    .   T - +1 robe of Elyvilon's Generosity {Str+4 Int-3 Dex+2 Slay+3}
rPois    .         Spirit   .   (no helmet)
rElec    .         Reflect  .   s - scarf {repulsion}
rCorr    .         Harm     .   x - +0 pair of gloves
MR       ++...                  A - +2 pair of boots {Stlth+}
Stlth    +++.......             m - amulet of magic regeneration
HPRegen  0.20/turn              E - ring of protection from magic
MPRegen  0.47/turn              l - ring of protection from fire

@: very slightly contaminated, invisible, repel missiles
A: no striking features
a: Channel Magic, Forget Spell, Renounce Religion


You were on level 10 of the Dungeon.
You worshipped Sif Muna.
Sif Muna was most pleased with you.
You were not hungry.

You visited 2 branches of the dungeon, and saw 11 of its levels.

You collected 762 gold pieces.
You spent 577 gold pieces at shops.

Inventory:

Hand Weapons
 O - a +2 dagger of distortion
Missiles
 u - 3 throwing nets
 G - 42 stones (quivered)
Armour
 s - a scarf of repulsion (worn)
 x - a +0 pair of gloves (worn)
 A - a +2 pair of boots of stealth (worn)
 K - the +2 ratskin cloak {+Rats rPois rN+ Str-1 Int-1 Dex+1}
   (You found it on level 5 of the Dungeon)

   It affects your strength (-1).
   It affects your intelligence (-1).
   It affects your dexterity (+1).
   It protects you from poison.
   It protects you from negative energy.
   If you switch to wearing this armour, your AC will increase by 3 (7 -> 10).
 P - a +1 leather armour of poison resistance
 Q - +0 steam dragon scales
 T - the +1 robe of Elyvilon's Generosity (worn) {Str+4 Int-3 Dex+2 Slay+3}
   (You bought it in a shop on level 8 of the Dungeon)

   It affects your strength (+4).
   It affects your intelligence (-3).
   It affects your dexterity (+2).
   It affects your accuracy and damage with ranged weapons and melee attacks
   (+3).
   If you remove this armour, your AC will decrease by 3 (7 -> 4).
Magical Staves
 y - an uncursed staff of summoning (weapon) {!a}
Jewellery
 b - an uncursed ring of stealth
 l - a ring of protection from fire (right hand)
 m - an amulet of magic regeneration (around neck)
 t - an uncursed ring of wizardry
 E - a ring of protection from magic (left hand)
 M - the amulet "Koat" {Gourm Stlth+}
   (You found it on level 9 of the Dungeon)

   [amulet of the gourmand]

   It allows you to eat raw meat even when not hungry.
   It makes you more stealthy.
Wands
 v - a wand of enslavement (9)
 B - a wand of paralysis (4)
 I - a wand of polymorph (16)
 L - a wand of acid (20)
Scrolls
 a - 3 scrolls of magic mapping {unknown}
 f - 2 scrolls of remove curse
 g - 2 scrolls of teleportation {unknown}
 h - 2 scrolls of fear {unknown}
 k - a scroll of enchant weapon {unknown}
 r - a scroll of fog {unknown}
 w - a scroll of noise {unknown}
 F - 4 scrolls of identify {unknown}
 H - 2 scrolls of enchant armour {unknown}
 N - a scroll of blinking {unknown}
 R - 2 scrolls of vulnerability {unknown}
Potions
 c - 2 potions of resistance
 e - 8 potions of heal wounds {unknown}
 i - 3 potions of ambrosia {unknown}
 j - 3 potions of curing
 n - 2 potions of haste {unknown}
 o - 3 potions of mutation {unknown}
 p - a potion of cancellation {unknown}
 q - a potion of stabbing {unknown}
 z - a potion of lignification
 C - 2 potions of flight
 J - 2 potions of magic {unknown}
Miscellaneous
 S - a phial of floods
Comestibles
 d - 10 rations


   Skills:
 - Level 5.0 Fighting
 - Level 6.1 Dodging
 - Level 2.4 Stealth
 + Level 14.0 Spellcasting
 - Level 5.1 Conjurations
   Level 1.1 Transmutations
 - Level 8.0 Earth Magic
 + Level 6.2 Invocations
 - Level 6.0 Evocations


You had 26 spell levels left.
You knew the following spells:

 Your Spells              Type           Power        Failure   Level  Hunger
a - Apportation           Tloc           ##....       4%          1    None
h - Sandblast             Erth           #####.       1%          1    None
j - Searing Ray           Conj           #####.       1%          2    None
k - Lee's Rapid Deconstr  Erth           #####.....   4%          5    ###....
l - Stone Arrow           Conj/Erth      #####.       1%          3    None

Your spell library contained the following spells:

 Spells                   Type           Power        Failure   Level  Hunger
 Magic Dart               Conj           ####         1%          1    None
 Passwall                 Tmut/Erth      ####....     1%          2    None
 Animate Skeleton         Necr           N/A          4%          1    None
 Corona                   Hex            ##.....      4%          1    None
 Summon Small Mammal      Summ           ###.         4%          1    None
 Dazzling Flash           Conj/Hex       ####..       4%          3    None
 Petrify                  Tmut/Erth      ####....     7%          4    None
 Fulminant Prism          Conj/Hex       ####......   16%         4    None
 Iskenderun's Mystic Bla  Conj/Tloc      ####....     16%         4    None


Dungeon Overview and Level Annotations

Branches:
Dungeon (10/15)            Temple (1/1) D:6            Lair (0/6) D:10
    Orc (0/2) D:9

Altars:
Ashenzari
Cheibriados
Dithmenos
Elyvilon
Fedhas
Gozag
Hepliaklqana
Kikubaaqudgha
Makhleb
Nemelex Xobeh
Okawaru
Qazlal
Ru
Sif Muna
Trog
Uskayaw
Vehumet
Wu Jian
Xom
Yredelemnul
Zin
The Shining One

Shops:
D:5 !   D:8 [


Message History

Something barely misses you. Something hits you!
Something hits you but does no damage. Something hits you.
Something hits you but does no damage. Something hits you! Something hits you!
Okay, then.
Okay, then.
You fade into invisibility!
Something hits you but does no damage. Something hits you.
The orc barely misses you.
You are very lightly contaminated with residual magic.
Something hits you but does no damage. Something hits you but does no damage.
Something completely misses you. Something hits you but does no damage.
Something hits you but does no damage. Something closely misses you.
Something hits you. Something hits you. Something hits you!
You die...

.........#############
#######......... ....
................ .....
#..........##### #.###
#.#######..# # #. #..# #.
#..#
#####.#######..#######.#
........@)(............###
........).......(.........
........................^.
.......o...#######........
....<....o.#######........
......................>...
..........................
###########........ ......
#..###### ......


You could see 2 orcs.

Vanquished Creatures
  Erolcha (D:9)
  A manticore (D:9)
  An elephant (D:9)
  Maurice (D:8)
  Psyche (D:8)
  Maggie (D:8)
  A freezing wraith (D:9)
  A queen bee (D:9)
  A troll (D:9)
  3 hippogriffs
  5 yaks
  2 hungry ghosts
  Menkaure (D:6)
  3 orc warriors (D:9)
  A black bear (D:6)
  3 phantoms
  6 ogres
  3 centaurs
  2 crocodiles
  3 big kobolds
  3 bullfrogs
  A scorpion (D:4)
  2 water moccasin skeletons
  19 killer bees
  17 wights
  3 howler monkeys (D:9)
  3 crimson imps (D:9)
  A quasit (D:10)
  2 bullfrog zombies
  2 jellies
  3 orc wizards
  3 gnoll shamans
  Jessica (D:2)
  3 iguanas
  11 worker ants
  A hell rat (D:5)
  A killer bee zombie (D:5)
  2 hound skeletons
  15 adders
  16 gnolls
  6 river rats (D:5)
  A shadow imp (D:8)
  2 oozes (D:5)
  3 adder zombies
  An adder skeleton (D:6)
  A worm (D:3)
  A dart slug (D:2)
  5 leopard geckos
  17 orcs
  5 ball pythons
  11 bats
  8 giant cockroaches
  8 goblins
  10 hobgoblins
  8 jackals
  6 kobolds
  A quokka (D:4)
  5 frilled lizards
  A leopard gecko skeleton (D:4)
  15 rats
265 creatures vanquished.

Notes
Turn   | Place    | Note
-------+----------+-------------------------------------------
     0 | D:1      | Duffy the Deep Elf Earth Elementalist began the quest for
                  | the Orb.
     0 | D:1      | Reached XP level 1. HP: 10/10 MP: 6/6
   359 | D:1      | Reached XP level 2. HP: 13/15 MP: 4/8
  1078 | D:1      | Reached skill level 4 in Spellcasting
  1294 | D:2      | Reached XP level 3. HP: 19/19 MP: 8/10
  1299 | D:2      | Learned a level 3 spell: Stone Arrow
  1446 | D:2      | Reached skill level 1 in Conjurations
  1451 | D:2      | Reached XP level 4. HP: 24/24 MP: 4/12
  1995 | D:2      | Noticed Jessica
  1996 | D:2      | Killed Jessica
  1996 | D:2      | Reached skill level 5 in Spellcasting
  1996 | D:2      | Reached XP level 5. HP: 28/28 MP: 11/14
  2175 | D:2      | Learned a level 5 spell: Lee's Rapid Deconstruction
  2354 | D:3      | Found an opulent altar of Gozag.
  2743 | D:3      | Reached skill level 5 in Earth Magic
  3207 | D:4      | Reached XP level 6. HP: 32/32 MP: 13/16
  3232 | D:3      | Reached skill level 6 in Spellcasting
  3884 | D:4      | Reached XP level 7. HP: 36/36 MP: 12/19
  4241 | D:4      | Reached skill level 7 in Spellcasting
  4434 | D:5      | Entered Level 5 of the Dungeon
  4547 | D:5      | Got a jewelled scale mail
  4588 | D:5      | Found Raomowir's Distillery.
  4591 | D:5      | Bought a potion of curing for 36 gold pieces
  4591 | D:5      | Bought a potion of lignification for 36 gold pieces
  4591 | D:5      | Bought a potion of degeneration for 12 gold pieces
  4591 | D:5      | Bought a potion of flight for 36 gold pieces
  4591 | D:5      | Bought a potion of invisibility for 96 gold pieces
  4651 | D:5      | Found a radiant altar of Vehumet.
  4651 | D:5      | Found an ancient bone altar of Kikubaaqudgha.
  4653 | D:5      | Found a shimmering blue altar of Sif Muna.
  4661 | D:5      | Became a worshipper of Sif Muna the Loreminder
  4668 | D:5      | Identified Vehumet's Incunabulum of Battle Magic
  4903 | D:5      | Reached skill level 5 in Conjurations
  4984 | D:5      | Found a white marble altar of Elyvilon.
  5302 | D:5      | Reached XP level 8. HP: 41/41 MP: 14/21
  5364 | D:5      | Found the +2 ratskin cloak {+Rats rPois rN+ Str-1 Int-1
                  | Dex+1}
  5486 | D:5      | Noticed a +0 dagger
  5486 | D:5      | Noticed a +0 dagger
  5488 | D:5      | Found a hide-covered altar of Uskayaw.
  5568 | D:5      | Reached skill level 8 in Spellcasting
  5932 | D:6      | Found a stormy altar of Qazlal.
  6150 | D:6      | Noticed Menkaure
  6154 | D:6      | Killed Menkaure
  6154 | D:6      | Reached skill level 9 in Spellcasting
  6215 | D:6      | Found a staircase to the Ecumenical Temple.
  6299 | D:6      | Found an iron altar of Okawaru.
  6473 | Temple   | Entered the Ecumenical Temple
  7327 | D:7      | Reached * piety under Sif Muna
  7334 | D:7      | Reached skill level 10 in Spellcasting
  7338 | D:7      | Learned a level 1 spell: Apportation
  7561 | D:7      | Found a white marble altar of Elyvilon.
  7569 | D:7      | Noticed a hippogriff
  7572 | D:7      | Killed a hippogriff
  7572 | D:7      | Reached skill level 11 in Spellcasting
  7809 | D:7      | Reached XP level 9. HP: 45/45 MP: 14/26
  7964 | D:7      | Reached skill level 1 in Fighting
  8088 | D:7      | Learned a level 2 spell: Searing Ray
  8106 | D:7      | Found a snail-covered altar of Cheibriados.
  8106 | D:7      | Found a shimmering altar of Xom.
  8248 | D:8      | Noticed Psyche
  8293 | D:8      | Killed Psyche
  8359 | D:8      | Noticed Maurice
  8362 | D:8      | Killed Maurice
  8362 | D:8      | Reached skill level 5 in Dodging
  8639 | D:8      | Found a shimmering altar of Xom.
  8785 | D:8      | Noticed Maggie
  8793 | D:8      | Killed Maggie
  8793 | D:8      | Reached skill level 12 in Spellcasting
  8879 | D:8      | Reached XP level 10. HP: 54/58 MP: 25/28
  8926 | D:8      | Reached ** piety under Sif Muna
  8926 | D:8      | Reached skill level 5 in Fighting
  9004 | D:8      | Found Tugg's Antique Armour Boutique.
  9144 | D:5      | Bought a potion of resistance for 120 gold pieces
  9144 | D:5      | Bought a potion of might for 48 gold pieces
  9302 | D:9      | Noticed Erolcha
  9307 | D:9      | Killed Erolcha
  9374 | D:9      | Found a glowing golden altar of the Shining One.
  9516 | D:9      | Got a warped ivory amulet
  9519 | D:9      | Identified the amulet "Koat" {Gourm Stlth+} (You found it
                  | on level 9 of the Dungeon)
  9524 | D:9      | Found a basalt altar of Yredelemnul.
  9525 | D:9      | Found a sacrificial altar of Ru.
  9526 | D:9      | Found a shadowy altar of Dithmenos.
  9535 | D:9      | Found a staircase to the Orcish Mines.
  9763 | D:9      | Reached skill level 13 in Spellcasting
 10161 | D:9      | Noticed a manticore
 10175 | D:9      | Killed a manticore
 10175 | D:9      | Reached skill level 5 in Invocations
 10208 | D:9      | Reached *** piety under Sif Muna
 10238 | D:9      | Reached skill level 5 in Evocations
 10420 | D:8      | Bought a silken robe for 193 gold pieces
 10430 | D:8      | Identified the +1 robe of Elyvilon's Generosity {Str+4
                  | Int-3 Dex+2 Slay+3} (You bought it in a shop on level 8 of
                  | the Dungeon)
 10482 | D:10     | Entered Level 10 of the Dungeon
 10717 | D:10     | Found a staircase to the Lair.
 10717 | D:10     | Noticed an elephant
 10789 | D:9      | Killed an elephant
 10789 | D:9      | Reached XP level 11. HP: 11/63 MP: 10/30
 12016 | D:10     | Reached skill level 14 in Spellcasting
 12051 | D:10     | Slain by an unseen horror

Levels and vault maps discovered:
D:1:      lemuel_arrival_broad_hall, layout_basic
D:2:      layout_loops_ring, kennysheep_pointless_box, uniq_jessica
D:3:      layout_loops_cross, nicolae_overflow_crystal_walls, minmay_door_square
D:4:      layout_loops_ring, first_ration, nzn_random_ring
D:5:      wander_guarded_unrand_ratskin, layout_basic,
          grunt_temple_overflow_magic_moments, dancing_weapons_uskayaw,
          kennysheep_mini, serial_shops, shop
D:6:      layout_layer_cave, lemuel_doored_altar, minmay_temple_entry_mist,
          okawaru_gym_becter, uniq_menkaure
D:7:      layout_loops_corners, gammafunk_temple_overflow_wave, basic_altar,
          corexii_item_surrounded_by_moat
D:8:      layout_rooms, serial_shops, shop, basic_altar, uniq_maurice,
          uniq_psyche, uniq_maggie
D:9:      minmay_the_grid_four_pointed_star_mashed
          [minmay_the_grid_triangle_9x9_zippers_horizontal,
          minmay_the_grid_triangle_9x9_from_above,
          minmay_the_grid_triangle_9x9_windchime,
          minmay_the_grid_triangle_9x9_impossible_snake,
          minmay_the_grid_prize_four_corners], layout_cave_pools,
          chequers_temple_overflow_statue_of_worship, uniq_erolcha
D:10:     minmay_bloctagon_deflated, layout_long_grid, david_lair_generic,
          serial_shops, shop, david_nohive_1
Temple:   compressed_dpeg_triangle_lava_temple

Skill      XL: |  1  2  3  4  5  6  7  8  9 10 11 |
---------------+----------------------------------+-----
Spellcasting   | 4 5 6 7 11 12 13 14 | 14.0
Earth Magic    | 4 5 6 8 |  8.0
Conjurations   | 1 2 3 4 5 |  5.1
Dodging        | 6 |  6.1
Fighting       | 4 5 |  5.0
Invocations    | 5 6 |  6.2
Evocations     | 5 6 |  6.0
Stealth        | |  2.4
Transmutations | |  1.1

Action                   |  1- 3 |  4- 6 |  7- 9 | 10-12 || total
-------------------------+-------+-------+-------+-------++-------
 Cast: Sandblast         |    39 |    88 |    31 |   105 ||   263
       Stone Arrow       |       |     2 |   119 |     9 ||   130
       Apportation       |       |       |     1 |       ||     1
       Lee's Rapid Decon |       |       |    14 |    39 ||    53
       Searing Ray       |       |       |     2 |     3 ||     5
  Use: Scroll            |       |       |     2 |       ||     2
       Potion            |       |       |       |     2 ||     2
  Eat: Chunk             |     1 |     8 |    10 |    10 ||    29
       Ration            |       |       |     2 |     1 ||     3
Armor: Robe              |       |     2 |    10 |    28 ||    40
       Steam dragon scal |       |       |       |     5 ||     5
Dodge: Dodged            |     9 |    20 |    25 |   107 ||   161
       Deflected         |       |       |       |     5 ||     5

Table legend:
 A = Non-vault XP
 B = Vault XP
 C = Vault XP percentage of total XP
 D = Non-vault monster count
 E = Vault monster count
 F = Vault count percentage of total count
                 A         B        C        D         E       F
            +---------+---------+-------+---------+---------+-------
      Total |    7002 |    6689 |  48.9 |     194 |      71 |  26.8
            +---------+---------+-------+---------+---------+-------
        D:1 |      37 |       0 |   0.0 |      21 |       0 |   0.0
        D:2 |     148 |      37 |  20.0 |      25 |       1 |   3.8
        D:3 |     196 |       0 |   0.0 |      19 |       0 |   0.0
        D:4 |     470 |     111 |  19.1 |      16 |      10 |  38.5
        D:5 |     363 |     127 |  25.9 |       8 |      21 |  72.4
        D:6 |     407 |     172 |  29.7 |      11 |       1 |   8.3
        D:7 |    1146 |       0 |   0.0 |      27 |       0 |   0.0
        D:8 |    1584 |    1256 |  44.2 |      19 |       3 |  13.6
        D:9 |    1918 |    4130 |  68.3 |      32 |      24 |  42.9
       D:10 |     733 |     856 |  53.9 |      16 |      11 |  40.7
            +---------+---------+-------+---------+---------+-------
